 Dungeon Crawl Stone Soup version 0.31-a0-986-g5e6e4ef867 (webtiles) character file.

Game seed: 6751851072722259588

69 Dittersdorf the Covered (level 4, -4/35 HPs)
             Began as a Human Fighter on Nov 7, 2023.
             Killed from afar by an orc wizard (6 damage)
             ... with a puff of flame
             ... on level 1 of the Dungeon.
             The game lasted 00:01:16 (1162 turns).

Dittersdorf the Covered (Human Fighter)             Turns: 1162, Time: 00:01:17

Health: -4/35      AC:  6    Str: 18    XL:     4   Next: 42%
Magic:  4/4        EV:  9    Int: 14    God:
Gold:   75         SH:  0    Dex: 13    Spells: 3/3 levels left

rFire   . . .        a - +0 long sword
rCold   . . .        c - +0 buckler
rNeg    . . .        b - +0 scale mail
rPois   .            (no helmet)
rElec   .            (no cloak)
rCorr   .            (no gloves)
SInv    .            (no boots)
Will    .....        (no amulet) Stlth
                     i - +6 ring of intelligence
HPRegen 0.25/turn    (no ring)
MPRegen 0.09/turn

%: no passive effects
@: confused
A: no striking features
a: no special abilities


You were on level 1 of the Dungeon.
You visited 1 branch of the dungeon, and saw 2 of its levels.

You collected 75 gold pieces.

Inventory:

Hand Weapons
 a - a +0 long sword (weapon)
Missiles
 l - 6 poisoned darts (quivered)
Armour
 b - a +0 scale mail (worn)
 c - a +0 buckler (worn)
Jewellery
 i - a +6 ring of intelligence (left hand)
Scrolls
 f - 4 scrolls of identify {unknown}
 j - a scroll of enchant weapon {unknown}
 k - 2 scrolls of revelation {unknown}
Potions
 d - a potion of might
 e - 4 potions of curing {unknown}
 g - a potion of magic {unknown}
 h - a potion of attraction {unknown}


   Skills:
 + Level 3.5 Fighting
 + Level 2.7 Long Blades
 + Level 3.5 Armour
 + Level 3.5 Shields


You had 3 spell levels left.
You didn't know any spells.
Your spell library was empty.

Dungeon Overview and Level Annotations

Branches:
Dungeon (2/15)

Altars:

Shops:
D:1 (


Message History

Something tries to affect you, but you resist.
You closely miss something. Something hits you but does no damage.
You barely miss something.
You hear some strange, mumbled words.
A puff of flame appears from out of thin air!
The puff of flame hits you.
* * * LOW HITPOINT WARNING * * *
You barely miss something. Something hits you.
* * * LOW HITPOINT WARNING * * *
Something hits you but does no damage.
You hit something. Something hits you but does no damage.
You hit something. Something hits you but does no damage.
You slash something! Something hits you but does no damage.
You miss something.
Something hits you but does no damage. x2
You barely miss something. Something hits you but does no damage.
You closely miss something.
You hear some strange, mumbled words.
Something tries to affect you, but you resist.
You hit something but do no damage. Something hits you but does no damage.
You miss something.
Something hits you but does no damage. x2
You barely miss something. Something hits you but does no damage.
You hit something but do no damage.
You hear some strange, mumbled words.
Something tries to affect you, but you resist.
You hit something but do no damage. Something hits you but does no damage.
Something hits you.
* * * LOW HITPOINT WARNING * * *
You barely miss something.
You hear some strange, mumbled words.
You are confused.
You miss something.
You hear some strange, mumbled words.
You are more confused.
Something hits you but does no damage.
You closely miss something. Something hits you.
* * * LOW HITPOINT WARNING * * *
You hear some strange, mumbled words.
A puff of flame appears from out of thin air!
The puff of flame hits you.
You die...

##.# #.##### #.###### ##.# ##.#
#.##..#. ##.# #..# #.##.#.. ##.#
#.## #.###... ##.# #.# ##.##....
##.# #.# ###...#.... ##.# #>#
###.....#.... ...#
#{####.......#...# #######
#@.....###..##.... ....).#
######.# #...#..##
#####.###############.###.#......
..).......................###..##
#####.#################.### #....
#.# #.# #...# #.# #.# #.... #.#
#.# #.... #.# #.# #....


There were no monsters in sight!

Vanquished Creatures
  Jessica (D:2)
  An adder (D:2)
  3 ball pythons
  3 bats
  An endoplasm (D:1)
  A giant cockroach (D:2)
  5 goblins
  4 hobgoblins
  4 jackals (D:2)
  4 kobolds
  3 rats
30 creatures vanquished.

Notes
Turn   | Place    | Note
-------+----------+-------------------------------------------
     0 | D:1      | Dittersdorf the Human Fighter began the quest for the Orb.
     0 | D:1      | Reached XP level 1. HP: 18/18 MP: 1/1
   188 | D:1      | Reached XP level 2. HP: 23/24 MP: 2/2
   308 | D:1      | Found Qaqozoed's Weapon Shoppe.
   747 | D:2      | Found a faded altar of an unknown god.
   761 | D:2      | Reached XP level 3. HP: 29/29 MP: 3/3
   962 | D:2      | Noticed Jessica
   968 | D:2      | Killed Jessica
   969 | D:2      | Reached XP level 4. HP: 22/35 MP: 4/4
  1162 | D:1      | Killed from afar by an orc wizard

Illustrated notes

Levels and vault maps discovered:
D:1:      matt_arrival_grand_opening, layout_loops_ring, serial_shops,
          nicolae_shop_hallway_stairs
D:2:      layout_rooms, ebering_ecumenical_altar_webs, uniq_jessica

Action                     |  1- 3 |  4- 6 || total
---------------------------+-------+-------++-------
  Melee: Long sword        |    91 |    38 ||   129
 Armour: Scale mail        |    94 |    41 ||   135
  Dodge: Dodged            |    51 |     7 ||    58
  Block: Buckler           |    29 |     2 ||    31

Table legend: (Time is in decaauts)
 A = Elapsed time spent in this place.
 B = Non-inter-level travel time spent in this place.
 C = Inter-level travel time spent in this place.
 D = Time resting spent in this place.
 E = Time spent auto-exploring this place.
 F = Levels seen in this place.
 G = Mean time per level.
                   A        B        C        D        E       F      G
               +--------+--------+--------+--------+--------+-----+--------+
         Total |   1202 |   1170 |     32 |      0 |    891 |   2 |  601.0 |
       Dungeon |   1202 |   1170 |     32 |      0 |    891 |   2 |  601.0 |
               +--------+--------+--------+--------+--------+-----+--------+

Top non-repeatable levels by time:
     D:1: 716 daAuts
     D:2: 485 daAuts
